Map: Dusk Towers

Players

MaDMaX

  • Race: Zerg Zerg
  • League: Diamond

Bakemonoda - Winner!

  • Race: Terran Terran
  • League: Master

VOD

Have the link to the VOD?

Description

Time

  • Played on: Nov. 29, 2015, 10:20 a.m.
  • Length: 10:00
Show
View Real Time Build Order
Export as new Build Order

MaDMaX Zerg 

Build Orders: Hatch First 

Get SALT Encoding   

  12  0:02  Drone  
  13  0:12  Overlord  
  13  0:17  Drone  
  14  0:30  Drone x2  
  14  0:35  Drone  
  17  0:56  Hatchery  
  16  0:59  Drone  
  16  1:00  Extractor  
  16  1:13  Spawning Pool  
  16  1:16  Drone  
  16  1:19  Drone  
  16  1:24  Drone  
  18  1:30  Drone  
  19  1:40  Overlord  
  19  2:01  Zergling x4  
  21  2:09  Queen x2  
  21  2:11  Metabolic Boost  
  21  2:14  Drone  
  26  2:16  Drone  
  27  2:25  Drone  
  27  2:26  Drone  
  27  2:29  Drone  
  30  2:37  Overlord  
  30  2:49  Hatchery  
  30  2:50  Queen  
  31  2:56  Zergling x4  
  31  2:58  Drone  
  34  3:01  Zergling x2  
  34  3:04  Drone  
  35  3:14  Zergling x4  
  36  3:25  Queen  
  36  3:26  Queen  
  38  3:34  Zergling x6  
  38  3:35  Drone x4  
  43  3:41  Zergling x2  
  43  3:43  Spine Crawler  
  43  3:53  Roach Warren  
  43  3:55  Drone x2  
  44  3:57  Overlord  
  40  4:14  Queen  
  41  4:22  Overlord, Zergling x2  
  41  4:27  Drone x3, Extractor  
  41  4:28  Drone  
  41  4:31  Queen  
  46  4:49  Roach  
  46  4:50  Roach, Queen  
  43  5:07  Roach  
  43  5:08  Roach  
  43  5:17  Zergling x4  
  43  5:18  Zergling x6  
  43  5:19  Zergling x4  
  54  5:23  Drone  
  54  5:27  Queen  
  58  5:35  Overlord x2  
  51  5:46  Spore Crawler  
  51  5:48  Drone x2  
  50  5:59  Overlord  
  50  6:00  Drone x2  
  50  6:02  Drone x3  
  46  6:27  Roach Warren  
  46  6:30  Spine Crawler, Zergling x2  
  46  6:31  Spine Crawler, Queen, Zergling x6  
  47  6:42  Zergling x8  
  47  6:43  Zergling x6  
  54  6:47  Overlord  
  53  7:10  Roach x4  
  58  7:18  Roach x2  
  57  7:25  Roach  
  51  7:30  Roach  
  51  7:35  Roach  
  47  7:41  Roach  
  44  7:45  Zergling x2  
  44  7:51  Zergling x2  
  39  7:54  Roach  
  33  8:04  Roach  
  35  8:11  Zergling x4  
  34  8:12  Queen  
  34  8:18  Zergling x2  
  37  8:25  Queen  
  37  8:27  Zergling x4  
  40  8:32  Hatchery  
  40  8:34  Zergling x2  
  39  8:48  Queen  
  39  8:53  Roach  
  42  9:00  Queen  
  38  9:12  Roach x2  
  39  9:20  Roach  
  38  9:32  Extractor  
  38  9:34  Extractor  
  38  9:35  Zergling x12  
  38  9:36  Zergling x4  
Show
View Real Time Build Order
Export as new Build Order

Bakemonoda Terran - Winner!

Build Orders: Hellion Opening 

Get SALT Encoding   

  12  0:01  SCV  
  13  0:13  SCV  
  14  0:18  Supply Depot  
  14  0:25  SCV  
  15  0:32  Refinery  
  15  0:40  Barracks  
  15  0:44  SCV  
  16  0:53  Refinery  
  16  0:56  SCV  
  17  1:08  SCV  
  18  1:20  SCV  
  19  1:30  Factory  
  19  1:35  Orbital Command  
  19  1:39  Barracks Reactor  
  19  1:54  Supply Depot  
  19  2:00  Ghost Academy  
  19  2:06  SCV  
  20  2:18  SCV  
  21  2:23  Barracks Tech Lab  
  21  2:24  Hellion x2  
  25  2:42  Supply Depot  
  25  2:46  Hellion x2  
  25  2:49  Ghost  
  31  3:05  Supply Depot  
  31  3:13  Hellion x2  
  35  3:26  Armory  
  35  3:34  Hellion  
  37  3:42  Hellion, Ghost  
  41  3:57  Hellion  
  39  4:11  Hellion  
  41  4:21  Nuke  
  43  4:25  Ghost  
  45  4:35  Widow Mine  
  45  4:36  Widow Mine  
  47  5:05  Hellion, Ghost  
  47  5:06  Hellion  
  47  5:35  Hellion x2, Ghost  
  53  5:52  Command Center  
  51  6:01  Nuke  
  47  6:23  Command Center  
  47  6:40  Ghost  
  47  6:41  Hellion  
  49  6:56  Hellion  
  51  7:05  Hellion  
  51  7:07  Starport  
  43  7:41  Hellion x2, Ghost  
  43  8:04  Hellion x2  
  43  8:17  Ghost  
  43  8:19  Orbital Command  
  43  8:29  Orbital Command  
  43  8:40  Hellion x2  
  47  8:42  Medivac  
  49  8:50  Ghost  
  49  9:14  Hellion x2, Medivac  
  55  9:35  Hellion  
Tags
 
Add a new tag
Caveats
  • Supply blocks, unpowered buildings, or Contaminate may cause inaccurate times.
  • Supply counts are checked every 10 seconds.